 Dungeon Crawl Stone Soup version 0.17-a0-1978-gc390f2e (webtiles) character file.

2615 SlimeFever the Covert (level 9, -8/43 HPs)
             Began as a Spriggan Assassin on Oct 4, 2015.
             Was an Initiate of Dithmenos.
             Mangled by an orc warrior
             ... wielding a +3 glaive
              (21 damage)
             ... on level 8 of the Dungeon on Oct 5, 2015.
             The game lasted 01:21:44 (9275 turns).

SlimeFever the Covert (Spriggan Assassin)           Turns: 9275, Time: 01:21:44

Health: -8/43      AC:  6    Str:  8    XL:     9   Next: 34%
Magic:  10/10      EV: 30    Int: 12    God:    Dithmenos [......]
Gold:   536        SH:  0    Dex: 20    Spells: 0 memorised, 8 levels left

rFire  . . .     SeeInvis +     a - +1 short sword (drain)
rCold  . . .     Clarity  .     c - +1 robe
rNeg   . . .     SustAt   .     (shield restricted)
rPois  .         Gourm    .     (helmet restricted)
rElec  .         Spirit   .     f - +2 cloak {+Inv}
rCorr  .         Warding  .     (gloves unavailable)
rMut   .         Stasis   .     (boots unavailable)
MR     ++...                    (no amulet)
Stlth  ++++++....               (no ring)
                                o - ring of protection from magic

@: very quick, very resistant to hostile enchantments, very stealthy
A: unfitting armour, see invisible, herbivore 3, speed 3, slow metabolism 2
a: Renounce Religion, Evoke Invisibility


You were on level 8 of the Dungeon.
You worshipped Dithmenos.
Dithmenos was noncommittal.
You were very hungry.

You visited 2 branches of the dungeon, and saw 11 of its levels.

You collected 536 gold pieces.

Inventory:

Hand Weapons
 a - a +1 short sword of draining (weapon)
 b - a +0 shortbow
 j - a +2 dagger
 p - a +0 rapier
 y - a +3 dagger of venom
Missiles
 q - 53 arrows
 G - 14 poisoned arrows
Armour
 c - a +1 robe (worn)
 d - a +0 cloak
 f - a +2 cloak of invisibility (worn)
Jewellery
 o - a ring of protection from magic (left hand)
Wands
 D - a wand of lightning (1)
Scrolls
 e - 2 scrolls of teleportation
 h - a scroll of amnesia
 l - 2 scrolls of remove curse
 n - a scroll of fog
 s - 2 scrolls of identify
 B - 2 scrolls of fear
Potions
 i - a potion of magic
 k - 2 potions of brilliance
 x - 2 potions of haste
 E - a potion of invisibility
 K - a potion of resistance
Comestibles
 g - 3 bread rations
 r - 2 slices of pizza


   Skills:
 + Level 2.5 Fighting
 * Level 5.7 Short Blades
 + Level 3.4 Bows
 + Level 2.9 Throwing
 * Level 11.7 Dodging
 * Level 12.1 Stealth
 + Level 0.3 Evocations


You had 8 spell levels left.
You didn't know any spells.

Dungeon Overview and Level Annotations

Branches:
Dungeon (10/15)            Temple (1/1) D:5            Lair (0/8) D:8
    Orc: D:9-12

Altars:
Ashenzari
Cheibriados
Dithmenos
Elyvilon
Fedhas
Gozag
Kikubaaqudgha
Makhleb
Nemelex Xobeh
Okawaru
Ru
Sif Muna
Trog
Vehumet
Xom
Yredelemnul
Zin
The Shining One

Annotations:
D:3 braksdos's ghost, novice KoIE


Innate Abilities, Weirdness & Mutations

You are tiny and cannot use many weapons and most armour.
You have supernaturally acute eyesight.
You are a herbivore.
You cover ground extremely quickly.
You need consume almost no food.


Message History

The orc priest completely misses you. The orc warrior completely misses you.
You hit the orc priest.
You kill the orc priest!
Dithmenos accepts your kill.
The orc warrior hits you from afar with an enchanted glaive!
You see here a ring mail.
You barely miss the orc warrior. The orc warrior completely misses you.
You closely miss the orc warrior. The orc warrior completely misses you.
You hit the orc warrior.
The orc warrior is lightly wounded.
You completely miss the orc warrior.
The orc warrior is lightly wounded.
The orc warrior hits you with an enchanted glaive!
You hit the orc warrior. You drain the orc warrior!
The orc warrior is moderately wounded.
You hit the orc warrior but do no damage.
You drain the orc warrior!
The orc warrior is moderately wounded.
The orc warrior hits you with an enchanted glaive!!
You die...

##.## ###..... #
##...## # #...#.##
#.##.....##.#
#.#..[#
#.#.......#.#
#.###.#
....._.....# #.#
#.# #.......#
##.###.#
#.....######...##.#
#o..##.#.........##
##@###....#...####.
#.###..#.##[.....#
#.(....#.....####.
####.#####...# ##
#...#.....# #
###.#.##.######
#.....<......
##########.##
##.#.#


You could see an orc warrior.

Vanquished Creatures
  A yak (D:8)
  A water moccasin (D:6)
  An orc warrior (D:8)
  A warg (D:8)
  A black bear (D:7)
  A sky beast (D:7)
  An ice beast (D:5)
  An ogre (D:5)
  A phantom (D:6)
  2 centaurs
  A giant frog (D:7)
  2 scorpions
  5 wights (D:7)
  5 killer bees (D:7)
  4 crimson imps
  A centaur zombie (D:7)
  2 jellies
  Crazy Yiuf (D:2)
  An orc priest (D:8)
  Ijyb (D:3)
  A hound (D:3)
  A giant frog skeleton (D:5)
  Terence (D:3)
  4 orc wizards
  3 worker ants
  3 iguanas
  A worker ant zombie (D:6)
  Robin (D:2)
  8 adders
  4 gnolls (D:4)
  2 shadow imps
  An ooze (D:6)
  2 adder zombies
  A worm (D:2)
  An adder skeleton (D:5)
  4 giant geckos
  26 orcs
  2 ball pythons
  7 giant cockroaches
  25 goblins
  9 hobgoblins
  23 jackals
  5 kobolds
  3 quokkas
  4 bats
  5 giant newts
  A quokka skeleton (D:8)
  8 rats
190 creatures vanquished.

Vanquished Creatures (others)
  7 fungi (D:8)
  A plant (D:8)
8 creatures vanquished.

Grand Total: 198 creatures vanquished

Notes
Turn   | Place    | Note
--------------------------------------------------------------
     0 | D:1      | SlimeFever the Spriggan Assassin began the quest for the Orb.
     0 | D:1      | Reached XP level 1. HP: 10/10 MP: 2/2
    13 | D:1      | Reached skill level 6 in Stealth
   206 | D:1      | Reached XP level 2. HP: 12/14 MP: 3/3
   711 | D:2      | Noticed Robin
   728 | D:2      | Reached XP level 3. HP: 15/18 MP: 4/4
   843 | D:2      | Reached skill level 7 in Stealth
   898 | D:2      | Killed Robin
  1170 | D:2      | Found a bloodstained altar of Trog.
  1236 | D:2      | Reached XP level 4. HP: 11/22 MP: 5/5
  1492 | D:2      | Noticed Crazy Yiuf
  1512 | D:2      | Killed Crazy Yiuf
  1826 | D:3      | Noticed braksdos's ghost (novice KoIE)
  2002 | D:3      | Reached XP level 5. HP: 23/25 MP: 6/6
  2018 | D:3      | Noticed Ijyb
  2068 | D:3      | Killed Ijyb
  2068 | D:3      | Reached skill level 8 in Stealth
  2279 | D:3      | Reached skill level 5 in Dodging
  2634 | D:3      | Noticed Terence
  2665 | D:3      | Killed Terence
  2829 | D:3      | Reached XP level 6. HP: 24/30 MP: 7/7
  3913 | D:4      | Got a shimmering leather armour
  4400 | D:5      | Entered Level 5 of the Dungeon
  4436 | D:5      | Reached skill level 9 in Stealth
  4436 | D:5      | Reached XP level 7. HP: 31/34 MP: 8/8
  4665 | D:5      | Found a staircase to the Ecumenical Temple.
  4671 | Temple   | Entered the Ecumenical Temple
  4841 | D:5      | Found an ancient bone altar of Kikubaaqudgha.
  4841 | D:5      | Found a basalt altar of Yredelemnul.
  4843 | D:5      | Found an iron altar of Okawaru.
  5296 | D:6      | Reached skill level 10 in Stealth
  5296 | D:6      | Reached XP level 8. HP: 39/39 MP: 9/9
  5486 | D:6      | You fall through a shaft for 2 floors!
  5486 | D:8      | Noticed a two-headed ogre
  5509 | D:8      | Found a staircase to the Lair.
  5628 | D:7      | Reached skill level 1 in Bows
  6020 | D:6      | Found a glowing silver altar of Zin.
  6289 | D:7      | Reached skill level 11 in Stealth
  6514 | D:7      | Reached skill level 10 in Dodging
  6745 | D:7      | Found a burning altar of Makhleb.
  6802 | D:7      | Reached skill level 5 in Short Blades
  7226 | D:7      | Found a shadowy altar of Dithmenos.
  7231 | D:7      | Became a worshipper of Dithmenos the Shadowed
  7464 | D:7      | Reached XP level 9. HP: 20/43 MP: 10/10
  7695 | D:7      | Found a shimmering altar of Xom.
  8337 | D:8      | Found a blossoming altar of Fedhas.
  8866 | D:8      | Found a radiant altar of Vehumet.
  8915 | D:8      | You fall through a shaft for 2 floors!
  8915 | D:10     | Entered Level 10 of the Dungeon
  8976 | D:8      | Reached skill level 12 in Stealth
  9275 | D:8      | Mangled by an orc warrior

Vault maps used:
D:1:      dpeg_arrival_simpleton_b, st_stairs_11
D:2:      lemuel_round_altar, uniq_crazy_yiuf_cottage, uniq_robin
D:3:      kennysheep_goblin_castle, first_bread, uniq_terence
D:5:      lemuel_ice_spiral_2, nicolae_overflow_hidden_temple,
          minmay_temple_entry_fiery, hangedman_minor_gate_pass
D:6:      zin_scriptorium, st_stairs_12, serial_park_tiny_1
D:7:      kennysheep_mini, makhleb_grotto_becter, lemuel_doored_altar
D:8:      fedhas_altar_3, lemuel_round_altar, erik_lair_orcish_takeover
D:9:      overflow_temple_1_default, basic_altar
D:10:     hangedman_ranch
Temple:   temple_eino_lava_8

Action                   |  1- 3 |  4- 6 |  7- 9 || total
-------------------------+-------+-------+-------++-------
Melee: Dagger            |   135 |   351 |   115 ||   601
       Short sword       |       |       |   306 ||   306
 Fire: Blowgun           |    16 |    14 |       ||    30
       Shortbow          |       |       |    72 ||    72
Throw: Tomahawk          |       |     2 |     5 ||     7
Evoke: Wand              |       |       |     2 ||     2
  Use: Scroll            |     5 |     7 |    11 ||    23
       Potion            |       |     3 |     2 ||     5
 Stab: Sleeping          |     8 |    14 |    14 ||    36
       Distracted        |       |     2 |     1 ||     3
  Eat: Bread ration      |       |     1 |       ||     1
